 Dungeon Crawl Stone Soup version 0.30-a0-824-g6c64550be9 (webtiles) character file.

Game seed: 16638756402707342719

1617 zenocrate the Grappler (level 8, -2/74 HPs)
             Began as a Troll Fighter on Feb 28, 2023.
             Was a Follower of Makhleb.
             Killed by divine providence
             ... invoked by an orc priest
              (10 damage)
             ... on level 6 of the Dungeon.
             The game lasted 00:04:25 (3643 turns).

zenocrate the Grappler (Troll Fighter)              Turns: 3643, Time: 00:04:26

Health: -2/74      AC:  4    Str: 27    XL:     8   Next: 64%
Magic:  7/7        EV:  9    Int:  4    God:    Makhleb [*.....]
Gold:   296        SH:  9    Dex:  9    Spells: 2/7 levels left

rFire   . . .      SeeInvis .      - Unarmed
rCold   . . .      Faith    .    b - +0 kite shield
rNeg    . . .      Spirit   .    a - +0 robe
rPois   .          Reflect  .    (helmet restricted)
rElec   .          Harm     .    (no cloak)
rCorr   .          Rampage  .    (gloves unavailable)
Will    .....                    (boots unavailable)
Stlth   +                        (no amulet)
HPRegen 1.12/turn                (no ring)
MPRegen 0.10/turn                (no ring)

@: no status effects
A: large, unfitting armour, claws 3, regeneration 1, shaggy fur 1, tough skin 1
a: Renounce Religion


You were on level 6 of the Dungeon.
You worshipped Makhleb.
Makhleb was aware of your devotion.
You visited 2 branches of the dungeon, and saw 7 of its levels.

You collected 296 gold pieces.

Inventory:

Missiles
 v - 3 silver javelins
 z - 2 poisoned darts (quivered)
Armour
 a - a +0 robe (worn)
 b - a +0 kite shield (worn)
Jewellery
 n - a ring of fire
Wands
 u - a wand of charming (24)
 y - a wand of iceblast (6)
Scrolls
 d - a scroll of enchant weapon {unknown}
 i - 2 scrolls of fear {unknown}
 j - 2 scrolls of vulnerability {unknown}
 k - a scroll of brand weapon {unknown}
 l - 2 scrolls of butterflies
 m - 2 scrolls of noise {unknown}
 q - a scroll of blinking {unknown}
 s - 2 scrolls of teleportation
 t - a scroll of acquirement {unknown}
 w - a scroll of enchant armour {unknown}
 A - a scroll of magic mapping {unknown}
 B - a scroll of fog {unknown}
Potions
 c - a potion of might
 e - a potion of invisibility
 f - 2 potions of curing
 g - a potion of flight
 h - a potion of lignification
 o - a potion of heal wounds
 p - a potion of mutation
 r - a potion of brilliance
 x - a potion of haste {unknown}


   Skills:
 - Level 2.4 Fighting
 - Level 2.4 Dodging
 + Level 7.6 Shields
 + Level 8.0 Unarmed Combat


You had 2 spell levels left.
You knew the following spells:

 Your Spells              Type           Power      Damage    Failure   Level
a - Blade Hands           Tmut           0%         N/A       100%        5

Your spell library contained the following spells:

 Spells                   Type           Power      Damage    Failure   Level
 Freeze                   Ice            0%         1d3       75%         1
 Cigotuvi's Dreadful Rot  Necr/Pois/Air  0%         N/A       86%         2
 Poisonous Vapours        Pois/Air       0%         N/A       86%         2
 Frozen Ramparts          Ice            0%         1d1       98%         3
 Hailstorm                Conj/Ice       0%         3d3       98%         3
 Inner Flame              Hex/Fire       0%         N/A       98%         3
 Mephitic Cloud           Conj/Pois/Air  0%         N/A       98%         3
 Tukima's Dance           Hex            0%         N/A       98%         3
 Flame Wave               Conj/Fire      0%         2d4       100%        4
 Passage of Golubria      Tloc           0%         N/A       100%        4
 Sticky Flame             Conj/Fire      0%         2d3       100%        4
 Irradiate                Conj/Tmut      0%         3d11      100%        5
 Yara's Violent Unravell  Hex/Tmut       0%         3d3       100%        5
 Dragon Form              Tmut           0%         N/A       100%        7


Dungeon Overview and Level Annotations

Branches:
Dungeon (6/15)             Temple (1/1) D:5

Altars:
Ashenzari
Cheibriados
Elyvilon
Fedhas
Gozag
Kikubaaqudgha
Makhleb
Okawaru
Qazlal
Sif Muna
Trog
Uskayaw
Vehumet
Wu Jian
Xom
Yredelemnul
The Shining One

Shops:
D:5 (


Innate Abilities, Weirdness & Mutations

You are too large for most types of armour.
You have claws for hands.
Your natural rate of healing is unusually fast.
You are covered in fur. (AC +1)
You have tough skin. (AC +1)


Message History

Pain shoots through your body!
You closely miss something. The orc hits you with a +0 short sword.
The orc hits you with a +0 club. Something hits you.
You scratch something but do no damage. The orc hits you but does no damage.
The orc hits you with a +0 club. Something hits you.
You barely miss the orc. The orc hits you but does no damage.
You block the orc's attack.
You hear some strange, mumbled prayers to Beogh.
You barely miss the orc. You block the orc's attack.
The orc completely misses you.
You hear something mumble some strange prayers to Beogh against you.
Beogh smites you!
* * * LOW HITPOINT WARNING * * *
You barely miss the orc. The orc hits you with a +0 short sword.
* * * LOW HITPOINT WARNING * * *
The orc hits you but does no damage. Something hits you but does no damage.
You scratch the orc.
The orc is heavily wounded.
The orc hits you with a +0 short sword.
* * * LOW HITPOINT WARNING * * *
You block the orc's attack.
You hear some strange, mumbled prayers to Beogh.
You mangle the orc!!
You kill the orc!
Makhleb accepts your kill. The orc hits you but does no damage.
Something hits you.
* * * LOW HITPOINT WARNING * * *
You claw the orc!
You kill the orc!
Makhleb accepts your kill.
You feel better. Something hits you.
* * * LOW HITPOINT WARNING * * *
You closely miss something.
You hear something call down the wrath of Beogh upon you.
Pain shoots through your body!
* * * LOW HITPOINT WARNING * * *
You scratch something but do no damage.
You hear something call down the wrath of Beogh upon you.
Beogh smites you!
You die...

.......##(...#.(#..##+#.#.#.#....
###.##.##.#..#..'†......##.######
#....#. #>#.#####.......#...# #
.......##.#.#..#..)####.#...### #
........#...#..#...'..#.......###
..........#.#).#...#..#..........
..........#.##'#..#####.......###
^.^.......#....){.# #.......# #
.^.....^..#....)@.+ #.....#.# #
..........#.####..# #....##.# #
^..^......#.'[.#..## #.##.)#.###
..........[.#..#...# #.##.......
.^.......##.####..P# #..#..#.###
........##........P####....##.# #
^......###.................##.# #
#.....####...#######.....#.##.#
####........## #...........


There were no monsters in sight!

Vanquished Creatures
  Sigmund (D:4)
  Menkaure (D:4)
  A water moccasin (D:4)
  An ice beast (D:6)
  2 ogres
  2 centaurs
  A bullfrog (D:6)
  A necrophage (D:4)
  A scorpion (D:5)
  A howler monkey (D:5)
  A jelly (D:5)
  A hound (D:5)
  5 orc priests
  An iguana (D:5)
  Terence (D:3)
  5 orc wizards
  11 adders
  An ufetubus (D:5)
  4 dart slugs
  22 orcs
  4 ball pythons
  4 endoplasms
  10 goblins
  2 hobgoblins
  2 kobolds
  7 quokkas
  2 bats (D:1)
  5 frilled lizards
  4 rats
  A spectral orc (D:5)
105 creatures vanquished.

Vanquished Creatures (others)
  2 plants (D:6)
2 creatures vanquished.

Grand Total: 107 creatures vanquished

Notes
Turn   | Place    | Note
-------+----------+-------------------------------------------
     0 | D:1      | zenocrate the Troll Fighter began the quest for the Orb.
     0 | D:1      | Reached XP level 1. HP: 22/22 MP: 0/0
    90 | D:1      | Found a faded altar of an unknown god.
    94 | D:1      | Reached XP level 2. HP: 26/29 MP: 1/1
   653 | D:2      | Reached XP level 3. HP: 33/36 MP: 2/2
   658 | D:2      | Reached skill level 3 in Unarmed Combat
   946 | D:3      | Reached XP level 4. HP: 43/44 MP: 3/3
   989 | D:3      | HP: 2/44 [orc priest/divine providence (15)]
   991 | D:3      | Reached skill level 4 in Unarmed Combat
   991 | D:3      | Reached XP level 5. HP: 4/50 MP: 4/4
  1178 | D:3      | Found a glowing golden altar of the Shining One.
  1248 | D:3      | Found an opulent altar of Gozag.
  1346 | D:3      | Noticed Terence
  1353 | D:3      | Killed Terence
  1745 | D:4      | Noticed a centaur
  1748 | D:4      | Noticed Sigmund
  1754 | D:4      | Killed a centaur
  1755 | D:4      | Reached XP level 6. HP: 44/59 MP: 5/5
  1767 | D:4      | Killed Sigmund
  1768 | D:4      | Reached skill level 5 in Shields
  1768 | D:4      | Reached skill level 5 in Unarmed Combat
  1957 | D:4      | Noticed a water moccasin
  1958 | D:4      | Noticed Menkaure
  1966 | D:4      | Killed a water moccasin
  1967 | D:4      | Reached XP level 7. HP: 36/66 MP: 6/6
  1980 | D:4      | Killed Menkaure
  1981 | D:4      | Reached skill level 6 in Unarmed Combat
  2108 | D:4      | Found a burning altar of Makhleb.
  2114 | D:4      | Became a worshipper of Makhleb the Destroyer
  2333 | D:4      | Learned a level 5 spell: Blade Hands
  2347 | D:5      | Entered Level 5 of the Dungeon
  2359 | D:5      | Found Qoeff's Antique Weapon Emporium.
  2582 | D:5      | Found a staircase to the Ecumenical Temple.
  2588 | D:5      | Reached XP level 8. HP: 73/74 MP: 7/7
  2621 | Temple   | Entered the Ecumenical Temple
  2755 | D:5      | Reached skill level 7 in Unarmed Combat
  2782 | D:5      | Reached * piety under Makhleb
  2812 | D:5      | Found a basalt altar of Yredelemnul.
  2839 | D:5      | Found a snail-covered altar of Cheibriados.
  3575 | D:6      | Reached skill level 8 in Unarmed Combat
  3643 | D:6      | Killed from afar by an orc priest

Illustrated notes

Levels and vault maps discovered:
D:1:      saegor_arrival_simple_e, layout_basic, ebering_ecumenical_altar_box
D:2:      layout_basic, minmay_fractal_squares_5
D:3:      layout_basic, mainiacjoe_overflow_alcove_1,
          mainiacjoe_overflow_24_doors, uniq_terence
D:4:      layout_loops_ring, lemuel_crystal_altar, uniq_sigmund, uniq_menkaure
D:5:      layout_loops_ring, kennysheep_slug_shrine,
          yredelemnul_forgotten_temple_becter, temple_statues, serial_shops,
          shop, hangedman_abyss_or_decor_stabs, grunt_ministairs_3
D:6:      corexii_shack_village, layout_loops_ring, minmay_holes
Temple:   nicolae_temple_no_exploring_needed

Skill      XL: |  1  2  3  4  5  6  7  8 |
---------------+-------------------------+-----
Shields        | 3 4 5 6 7 |  7.6
Unarmed Combat | 3 4 5 6 8 |  8.0
Fighting       | |  2.4
Dodging        | |  2.4

Action                     |  1- 3 |  4- 6 |  7- 9 || total
---------------------------+-------+-------+-------++-------
  Melee: Unarmed           |    88 |   116 |   139 ||   343
    Use: Scroll            |     1 |       |     7 ||     8
         Potion            |       |       |     2 ||     2
 Armour: Robe              |    23 |    21 |    41 ||    85
  Dodge: Dodged            |    23 |    41 |    35 ||    99
  Block: Kite shield       |    40 |    33 |    55 ||   128

Table legend: (Time is in decaauts)
 A = Elapsed time spent in this place.
 B = Non-inter-level travel time spent in this place.
 C = Inter-level travel time spent in this place.
 D = Time resting spent in this place.
 E = Time spent auto-exploring this place.
 F = Levels seen in this place.
 G = Mean time per level.
                   A        B        C        D        E       F      G
               +--------+--------+--------+--------+--------+-----+--------+
         Total |   3652 |   3515 |    137 |      0 |   2762 |   7 |  521.7 |
       Dungeon |   3650 |   3513 |    137 |      0 |   2762 |   6 |  608.3 |
        Temple |      1 |      1 |      0 |      0 |      0 |   1 |    1.0 |
               +--------+--------+--------+--------+--------+-----+--------+

Top non-repeatable levels by time:
     D:5: 784 daAuts
     D:4: 714 daAuts
     D:3: 699 daAuts
     D:2: 574 daAuts
     D:6: 507 daAuts
     D:1: 370 daAuts
  Temple: 1 daAuts
